 Dungeon Crawl Stone Soup version 0.21.1-1-g345015fe64 (webtiles) character file.

42 Hercules1031 the Poker (level 3, 0/29 HPs)
             Began as a Formicid Fighter on June 19, 2018.
             Was an Initiate of Makhleb.
             Slain by a gnoll
             ... wielding a +0 flail
              (6 damage)
             ... on level 2 of the Dungeon.
             The game lasted 00:06:48 (900 turns).

Hercules1031 the Poker (Formicid Fighter)            Turns: 900, Time: 00:06:49

Health: 0/29       AC:  8    Str: 26    XL:     3   Next: 77%
Magic:  3/3        EV:  8    Int:  7    God:    Makhleb [......]
Gold:   49         SH: 10    Dex: 12    Spells: 2/2 levels left

rFire    . . .     SeeInvis +   a - +0 trident
rCold    . . .     Gourm    .   c - +0 shield
rNeg     . . .     Faith    .   b - +0 scale mail
rPois    .         Spirit   .   (helmet unavailable)
rElec    .         Reflect  .   (no cloak)
rCorr    .         Harm     .   (no gloves)
MR       .....                  (no boots)
Stlth    ..........             (no amulet)
HPRegen  0.00/turn              (no ring)
MPRegen  0.08/turn              (no ring)

@: mighty
A: permanent stasis, dig shafts and tunnels, four strong arms, antennae 3,
yellow scales 1, agile 1, screaming 1, inhibited regeneration
a: Dig, Shaft Self, Renounce Religion


You were on level 2 of the Dungeon.
You worshipped Makhleb.
Makhleb was noncommittal.
You were not hungry.

You visited 1 branch of the dungeon, and saw 2 of its levels.

You collected 49 gold pieces.

Inventory:

Hand Weapons
 a - a +0 trident (weapon)
Missiles
 g - 8 exploding tomahawks (quivered)
Armour
 b - a +0 scale mail (worn)
 c - a +0 shield (worn)
Scrolls
 e - a scroll of immolation {unknown}
 h - 2 scrolls of identify {unknown}
 i - a scroll of teleportation {unknown}
 j - a scroll of fog {unknown}
 k - a scroll of random uselessness {unknown}
 l - a scroll of remove curse {unknown}
 m - a scroll of enchant weapon {unknown}
Comestibles
 f - 3 rations


   Skills:
 - Level 3.2 Fighting
 * Level 3.8 Polearms
 - Level 3.2 Armour
 - Level 3.6 Shields


You had 2 spell levels left.
You didn't know any spells.

Dungeon Overview and Level Annotations

Branches:
Dungeon (2/15)

Altars:
Makhleb


Innate Abilities, Weirdness & Mutations

You cannot be hasted, slowed, berserked, paralysed or teleported.
You can dig through walls and to a lower floor.
Your four strong arms can wield two-handed weapons with a shield.
You have a pair of large antennae on your head. (SInv)
You are partially covered in yellow scales. (AC +2)
You are agile. (Dex +2)
You occasionally shout uncontrollably at your foes.
You do not regenerate when monsters are visible.


Message History

You puncture the gnoll!
The gnoll is heavily wounded.
The gnoll hits you but does no damage. You block the gnoll's attack.
Your scale mail prevents you from hitting the gnoll.
The gnoll is heavily wounded.
The gnoll hits you from afar with a spear of piercing.
The gnoll hits you with a flail!
You hit the gnoll but do no damage.
The gnoll is heavily wounded.
You block the gnoll's attack.
A goblin comes into view. It is wielding a club.
The goblin shouts!
You hit the gnoll but do no damage.
The gnoll is heavily wounded.
You block the gnoll's attack.
The gnoll hits you from afar with a spear of piercing.
* * * LOW HITPOINT WARNING * * *
x2 You feel very mighty all of a sudden.
The gnoll hits you with a flail.
You die...

#.# ### #.###.### #.#
####.. #.###.### #.#
.....###.##...## #.#
.###.#.g...._...
#######.##.##.g..#.##...##
#..........##.####.###.###
#.#####.#..##.# #†###.###
{ ##.#.....####..)(....
#...@.......#####.###
#..#g....... #.#
#..#?g##.### #..
..<.......# ###.
###..#..#..# { .#
#..#..#..# . .....g# ... .
#..##.# .##


You could see 2 gnolls and a goblin.

Vanquished Creatures
  A gnoll (D:2)
  A worm (D:2)
  3 leopard geckos (D:1)
  2 giant cockroaches (D:2)
  3 hobgoblins
  2 bats (D:2)
  4 frilled lizards
  2 goblins (D:1)
  6 kobolds
  5 rats
29 creatures vanquished.

Notes
Turn   | Place    | Note
-------+----------+-------------------------------------------
     0 | D:1      | Hercules1031 the Formicid Fighter began the quest for the Orb.
     0 | D:1      | Reached XP level 1. HP: 18/18 MP: 1/1
   104 | D:1      | Reached XP level 2. HP: 24/24 MP: 2/2
   187 | D:1      | Gained mutation: You are agile. (Dex +2) [potion of mutation]
   187 | D:1      | Gained mutation: You do not regenerate when monsters are visible. [potion of mutation]
   187 | D:1      | Gained mutation: You occasionally shout uncontrollably at your foes. [potion of mutation]
   187 | D:1      | Gained mutation: You are partially covered in yellow scales. (AC +2) [potion of mutation]
   579 | D:2      | Reached XP level 3. HP: 29/29 MP: 3/3
   766 | D:2      | Found a burning altar of Makhleb.
   778 | D:2      | Became a worshipper of Makhleb the Destroyer
   900 | D:2      | Slain by a gnoll

Skill      XL: |  1  2 |
---------------+-------+-----
Polearms       | 3 |  3.8
Fighting       | |  3.2
Armour         | |  3.2
Shields        | |  3.6

Action                   || total
-------------------------++-------
Melee: Trident           ||   115
  Use: Potion            ||     4
  Eat: Ration            ||     1
Armor: Scale mail        ||    39
Dodge: Dodged            ||    26
Block: Shield            ||    53
